 Dungeon Crawl Stone Soup version 0.31-a0-1074-g0b22e4e0f1 (webtiles) character file.

Game seed: 5572770737334572167

480 timneilson the Ruffian (level 7, -5/46 HPs)
             Began as an Octopode Shapeshifter on Dec 2, 2023.
             Was an Initiate of Gozag.
             Slain by an ogre
             ... wielding a +0 giant club
              (18 damage)
             ... on level 4 of the Dungeon.
             The game lasted 00:06:18 (3240 turns).

timneilson the Ruffian (Octopode Shapeshifter)      Turns: 3240, Time: 00:06:19

Health: -5/46      AC:  1    Str: 21    XL:     7   Next: 11%
Magic:  7/7        EV: 14    Int: 12    God:    Gozag
Gold:   140        SH:  0    Dex: 12    Spells: 6/6 levels left

rFire   . .          .
                       - Unarmed
rCold   + . .        (no shield)
rNeg    . . .        (helmet currently unavailable)
rPois   .            (no amulet)
rElec   .            e - ring of flight
rCorr   .            d - +6 ring of strength
SInv    .            n - ring of protection from cold
Will    .....        (no ring)
Stlth   +++          (no ring)
HPRegen 0.27/turn    (no ring)
MPRegen 0.10/turn    (no ring)
                     (no ring)

%: no passive effects
@: beast-form, flying
A: beast (slay +2), almost no armour, amphibious, 8 rings, camouflage 1,
gelatinous body 1, (nimble swimmer 1), tentacles
a: Begin Untransformation, Renounce Religion, Potion Petition, Call Merchant,
Bribe Branch


You were on level 4 of the Dungeon.
You worshipped Gozag.
Gozag was aware of your devotion.
You were a hulking beast.
You visited 2 branches of the dungeon, and saw 5 of its levels.

You collected 166 gold pieces.
You paid 26 gold pieces to Gozag.

Inventory:

Jewellery
 d - a +6 ring of strength (right tentacle)
 e - a ring of flight (left tentacle)
 n - a ring of protection from cold (on tentacle)
Talismans
 b - a beast talisman
 c - a flux talisman
Wands
 f - a wand of flame (10)
Scrolls
 k - a scroll of summoning
 l - a scroll of teleportation
 m - a scroll of fog
Potions
 a - 3 potions of lignification
 g - a potion of resistance {unknown}
 h - a potion of magic
 i - 2 potions of cancellation


   Skills:
 * Level 3.1 Fighting
 * Level 3.7 Dodging
 + Level 3.1 Stealth
 * Level 4.4 Unarmed Combat
 + Level 1.5 Evocations
 * Level 4.2 Shapeshifting


You had 6 spell levels left.
You didn't know any spells.
Your spell library contained the following spells:

 Spells                   Type           Power      Damage    Failure   Level
 Apportation              Tloc           0%         N/A       32%         1
 Necrotise                Necr           0%         1d4       32%         1
 Summon Small Mammal      Summ           0%         N/A       32%         1


Dungeon Overview and Level Annotations

Branches:
Dungeon (4/15)             Temple (1/1) D:4

Altars:
Ashenzari
Dithmenos
Elyvilon
Fedhas
Gozag
Hepliaklqana
Makhleb
Qazlal
Ru
Sif Muna
Trog
Uskayaw
Vehumet
Wu Jian
Yredelemnul
Zin
The Shining One


Innate Abilities, Weirdness & Mutations

You are a hulking beast.
Your limbs bulge with bestial killing power. (Slay +2)
You cannot wear most types of armour.
You are amphibious.
You can wear up to eight rings at the same time.
Your skin changes colour to match your surroundings (Stealth+).
Your rubbery body absorbs attacks. (AC +1, EV +1)
((You are camouflaged when in or above water. (Stealth+)))
You have tentacles for arms and can constrict up to eight enemies at once.


Message History

The phantom is moderately damaged.
The phantom barely misses you.
You tentacle-slap the phantom.
The phantom is heavily damaged.
The phantom hits you!
The phantom blinks!
You blink.
You closely miss the phantom.
The phantom is heavily damaged.
The phantom hits you.
You closely miss the phantom.
The phantom is heavily damaged.
The phantom hits you.
You tentacle-slap the phantom. x2; You squeeze the phantom.
You destroy the phantom!
Your Fighting skill increases to level 3!
Your Stealth skill increases to level 3!
You have reached level 7!
You now have 140 gold pieces (gained 8).
As you read the scroll of identify, it crumbles to dust.
i - 2 potions of cancellation You reach down and open the door.
There is an open door here.
Found a short sword.
A kobold comes into view.
It is wielding a +0 falchion and quivering poisoned darts.
The kobold shouts!
The kobold hits you with a +0 falchion. The ogre closely misses you.
You tentacle-slap the ogre.
The ogre is lightly wounded.
The kobold closely misses you.
The ogre hits you with a +0 giant club!!
You hear a shout!
You tentacle-slap the ogre. Your squeeze misses the ogre.
The ogre is lightly wounded.
The kobold hits you with a +0 falchion.
You barely miss the ogre.
The ogre is lightly wounded.
The kobold hits you with a +0 falchion.
* * * LOW HITPOINT WARNING * * *
The ogre hits you with a +0 giant club!!
You die...
Your body crumbles into a pile of gold.

...# ...# ...# ...#
...# ##.###############
.................######
##.#..................#
#.#.###########h####.#
#.#.# #.KO.....# #.#.#
#.#.####.# #.#.# #.#.#
#.#.# # #.# #.#.# #.#
#.#.# #.# ##.#.########
#.# ............. #.#


You could see an ogre and a kobold.

Vanquished Creatures
  Duvessa (D:4)
  2 phantoms (D:4)
  Dowan (D:4)
  8 adders
  3 dart slugs
  A worm (D:2)
  3 orcs
  12 ball pythons
  7 bats
  11 endoplasms
  4 giant cockroaches
  5 goblins
  14 hobgoblins
  9 jackals
  4 quokkas
  6 frilled lizards
  5 kobolds
  4 rats
100 creatures vanquished.

Notes
Turn   | Place    | Note
-------+----------+-------------------------------------------
     0 | D:1      | timneilson the Octopode Shapeshifter began the quest for
                  | the Orb.
     0 | D:1      | Reached XP level 1. HP: 13/13 MP: 1/1
    72 | D:1      | Reached XP level 2. HP: 18/18 MP: 2/2
   196 | D:1      | Reached skill level 1 in Stealth
   369 | D:1      | Reached XP level 3. HP: 23/23 MP: 3/3
   827 | D:2      | Reached XP level 4. HP: 29/29 MP: 4/4
  1186 | D:2      | Found a radiant altar of Vehumet.
  1573 | D:3      | Reached XP level 5. HP: 11/34 MP: 5/5
  1893 | D:3      | Found a stormy altar of Qazlal.
  1894 | D:3      | Found a white marble altar of Elyvilon.
  1895 | D:3      | Found a hide-covered altar of Uskayaw.
  2505 | D:4      | Noticed an ogre
  2626 | D:4      | Found a staircase to the Ecumenical Temple.
  2640 | Temple   | Entered the Ecumenical Temple
  2659 | Temple   | Became a worshipper of Gozag Ym Sagoz the Greedy
  2753 | D:4      | Noticed Duvessa
  2760 | D:4      | Noticed Dowan
  2775 | D:4      | Killed Duvessa
  2776 | D:4      | Reached skill level 1 in Evocations
  2776 | D:4      | Reached XP level 6. HP: 8/41 MP: 6/6
  2781 | D:4      | Killed Dowan
  2817 | D:4      | HP: 2/41 [poisoned by a goblin]
  3100 | D:4      | Reached XP level 7. HP: 29/46 MP: 7/7
  3240 | D:4      | Slain by an ogre

Illustrated notes

Levels and vault maps discovered:
D:1:      elethiomel_arrival_infinity_welcomes_careful_drivers,
          layout_loops_cross
D:2:      layout_loops_cross, basic_altar
D:3:      layout_basic, minitemple, minmay_pentomino_pile
D:4:      layout_basic, minmay_temple_entry_crystal_x, uniq_duvessa
Temple:   nicolae_temple_superstar

Skill      XL: |  1  2  3  4  5  6 |
---------------+-------------------+-----
Stealth        | 1 2 3 |  3.1
Fighting       | 2 3 |  3.1
Dodging        | 3 |  3.7
Unarmed Combat | 4 |  4.4
Evocations     | 1 |  1.5
Shapeshifting  | 4 |  4.2

Action                     |  1- 3 |  4- 6 |  7- 9 || total
---------------------------+-------+-------+-------++-------
  Melee: Unarmed           |    58 |   138 |     3 ||   199
         Constrict         |    15 |    30 |       ||    45
         Tentacles         |     8 |    28 |       ||    36
         Punch             |       |     6 |       ||     6
    Use: Scroll            |     4 |     7 |     1 ||    12
         Potion            |       |     4 |       ||     4
   Stab: Sleeping          |     4 |    12 |       ||    16
 Armour: Skin              |    21 |    65 |     5 ||    91
  Dodge: Dodged            |    54 |    83 |     2 ||   139

Table legend: (Time is in decaauts)
 A = Elapsed time spent in this place.
 B = Non-inter-level travel time spent in this place.
 C = Inter-level travel time spent in this place.
 D = Time resting spent in this place.
 E = Time spent auto-exploring this place.
 F = Levels seen in this place.
 G = Mean time per level.
                   A        B        C        D        E       F      G
               +--------+--------+--------+--------+--------+-----+--------+
         Total |   3208 |   3133 |     75 |    318 |   2040 |   5 |  641.6 |
       Dungeon |   3181 |   3106 |     75 |    318 |   2040 |   4 |  795.2 |
        Temple |     26 |     26 |      0 |      0 |      0 |   1 |   26.0 |
               +--------+--------+--------+--------+--------+-----+--------+

Top non-repeatable levels by time:
     D:3: 1004 daAuts
     D:1: 756 daAuts
     D:4: 716 daAuts
     D:2: 703 daAuts
  Temple: 26 daAuts
